Unix NetHack Version 3.7.0-94 Work-in-progress - last build Dec 18 2023 00:11:04 (7e3deff068b9ef4f2ebb9a71ea0f5c4a3b578a14,branch:master). Game began 2023-12-25 11:53:24, ended 2024-01-01 17:56:16. proxxiSWE, lawful male human Archeologist ----- |....- ---.#... |..<..- |.....| |@....| ------- ProxxiSWE the Spelunker St:18/83 Dx:23 Co:18 In:21 Wi:22 Ch:15 Lawful S:1463326 Dlvl:52 $:0 HP:272(272) Pw:63(63) AC:-38 Xp:19/4729868 T:49565 Burdened Fly Latest messages: You attach 7 candles to the Candelabrum of Invocation. What do you want to drop? [a-hkq-vyzA-DFGIKM-PS or ?*] G You drop an uncursed wax candle. What do you want to use or apply? [bkq-vBIMOPS or ?*] ? You ring the Bell of Opening. The Bell of Opening issues an unsettling shrill sound... What do you want to use or apply? [bkq-vBIMOPS or ?*] ? The Candelabrum of Invocation's candles burn brightly! The Candelabrum of Invocation glows with a strange light! What do you want to read? [v or ?*] ? v - the uncursed Book of the Dead. You begin to recite the runes. You turn the pages of the Book of the Dead... The floor shakes violently under you! The walls around you begin to bend and crumble! You are standing at the top of a stairwell leading down! You fly down the stairs. Really save? [yn] (n) y Saving... Restoring save file... Hello proxxiSWE, the human Archeologist, welcome back to NetHack! It is hot here. You smell smoke... Your movements are slowed slightly because of your load. Really quit? [yn] (n) y Do you want your possessions identified? [ynq] (y) y Do you want to see your attributes? [ynq] (y) y Do you want an account of creatures vanquished? [ynaq] (y) n Do you want a list of species genocided and extinct? [ynaq] (y) n Do you want to see your conduct and achievements? [ynq] (y) y Do you want to see the dungeon overview? [ynq] (y) n Inventory: Amulets D - an uncursed amulet of flying (being worn) Weapons A - the blessed rustproof +6 Excalibur (wielded in right hand) a - a blessed +6 silver saber (wielded in left hand) Armor h - a blessed greased tempered +4 helm of brilliance (being worn) g - a blessed +5 pair of gauntlets of dexterity (being worn) f - a blessed +4 pair of speed boots (being worn) e - a blessed fireproof +5 cloak of magic resistance (being worn) c - a blessed +4 Hawaiian shirt with an orchid motif (being worn) d - a blessed greased +4 silver dragon scale mail (being worn) Comestibles z - a blessed homemade tin of storm giant meat N - an uncursed lizard corpse Spellbooks v - the uncursed Book of the Dead Rings C - a blessed ring of conflict (on right hand) F - an uncursed ring of free action (on left hand) Wands P - a wand of speed monster (0:1) Tools B - a blessed bag of holding containing 74 items I - an empty uncursed bag of holding S - an uncursed sack named !!! DANGER CANCELLATION !!! containing 1 item O - the Bell of Opening (0:1) b - an uncursed blindfold s - the uncursed Candelabrum of Invocation (7 of 7 candles, lit) q - an uncursed oil lamp (lit) M - the blessed Orb of Detection (0:5) k - an uncursed skeleton key r - a blessed tinning kit (0:22) u - a blessed +0 unicorn horn Gems/Stones y - 4 uncursed aquamarine stones K - a blessed luckstone t - an uncursed touchstone Contents of the bag of holding: a blessed amulet of life saving an uncursed amulet of life saving an uncursed amulet of life saving a blessed amulet of magical breathing a blessed amulet of reflection a blessed +1 pair of gauntlets of power an uncursed +0 pair of water walking boots 15 uncursed K-rations 5 uncursed lembas wafers a blessed tin of tengu meat 3 blessed scrolls of blank paper a blessed scroll of charging a blessed scroll of create monster 2 uncursed scrolls of create monster 2 blessed scrolls of enchant weapon 3 uncursed scrolls of identify an uncursed scroll of light a cursed scroll of light 14 blessed scrolls of remove curse 2 uncursed scrolls of teleportation a cursed scroll of teleportation an uncursed spellbook of magic missile an uncursed spellbook of restore ability a cursed potion of booze an uncursed potion of confusion 2 uncursed potions of extra healing an uncursed potion of full healing 2 uncursed potions of object detection a blessed potion of polymorph 2 blessed potions of restore ability 2 uncursed potions of restore ability an uncursed potion of sickness an uncursed potion of speed 14 potions of holy water a potion of unholy water an uncursed ring of levitation an uncursed ring of regeneration an uncursed ring of sustain ability an uncursed ring of teleport control an uncursed ring of teleportation an uncursed ring of warning a wand of death (0:7) a wand of polymorph (1:2) a wand of teleportation (0:5) a wand of wishing (1:3) a can of grease (0:14) a blessed magic marker (1:24) a magic marker (0:25) an uncursed magic whistle a rustproof +7 pick-axe an uncursed towel a +0 unicorn horn 2 uncursed agate stones 6 uncursed amethyst stones an uncursed aquamarine stone 6 uncursed black opals 11 uncursed chrysoberyl stones 7 uncursed citrine stones 11 uncursed diamonds an uncursed dilithium crystal 11 uncursed emeralds 2 uncursed fluorite stones 10 uncursed garnet stones 4 uncursed jacinth stones an uncursed jade stone 4 uncursed jasper stones 3 uncursed obsidian stones 2 uncursed opals 12 uncursed rubies 5 uncursed sapphires 6 uncursed topaz stones 5 uncursed turquoise stones 2 blessed luckstones 2 uncursed touchstones Contents of the sack named !!! DANGER CANCELLATION !!!: a wand of cancellation (0:3) ProxxiSWE the Archeologist's attributes: Background: You were a Spelunker, a level 19 male human Archeologist. You were lawful, on a mission for Quetzalcoatl who was opposed by Camaxtli (neutral) and Huhetotl (chaotic). You were right-handed. You were in Gehennom, on level 52. You entered the dungeon 49565 turns ago. You had 4729868 experience points, 390132 more were needed for level 20. Your score was 1463326 before end-of-game adjustments. Basics: You had all 272 hit points. You had all 63 energy points (spell power). Your armor class was -38. Your wallet was empty. Autopickup was off. Final Characteristics: Your strength was 18/83 (limit:18/100). Your dexterity was 23 (base:18, innate limit:18). Your constitution was 18 (limit:18). Your intelligence was 21 (base:17, innate limit:18). Your wisdom was 22 (base:18, innate limit:18). Your charisma was 15 (limit:18). Final Status: You were flying. You weren't hungry. You were burdened; movement was slightly slowed. You were wielding two weapons at once. You had basic skill with long sword and two weapons. Your skill in saber was limited by being basic with two weapons. Final Attributes: You were piously aligned. You were magic-protected. You were fire resistant. You were cold resistant. You were sleep resistant. You were disintegration resistant. You were shock resistant. You were poison resistant. You were level-drain resistant. You saw invisible. You were telepathic. You had automatic searching. You were invisible to others. You were stealthy. You caused conflict. You had a moderate defense bonus (+9). You were warded. You took half spell damage. You were very fast. You had reflection. You had free action. You were extremely lucky. You had extra luck. Good luck did not time out for you. You survived. Miscellaneous: You encountered 1 bones level. Total elapsed playing time was 13 hours, 44 minutes and 4 seconds. Major events: Turn 1: proxxiSWE the lawful male human Archeologist entered the dungeon 1302: attained the rank of Field Worker (level 3) 2244: entered the Gnomish Mines 5178: attained the rank of Investigator (level 6) 6275: reached Mine Town 6311: destroyed xororand's ghost, the former Acolyte 6313: found Demonbane on the floor 7388: made his first wish - "blessed magic marker", got "a magic marker" 7875: wished for "2 blessed scrolls of charging", got "2 scrolls labeled TEMOV" 7877: wished for "blessed greased +2 silver dragon mail", got "a greased stamped scroll" 7880: wished for "blessed greased +2 silver dragon scale mail", got "a greased silver dragon scale mail" 7889: wished for "blessed greased fixed +2 cloak of magic resistance", got "a greased tattered cape" 9893: acquired the Mines' End luckstone 13173: entered Sokoban 14385: attained the rank of Exhumer (level 10) 16411: wished for "2 potions of holy water", got "a potion of water" 20458: had Excalibur thrown at them by some watery tart 24746: killed Croesus 27935: killed Medusa 30397: attained the rank of Excavator (level 14) 30864: entered Gehennom 34481: found the Orb of Detection on the floor 34503: killed the Minion of Huhetotl 34515: acquired the Bell of Opening 35545: was bestowed with Sunsword by Quetzalcoatl 37145: attained the rank of Spelunker (level 18) 37197: killed Juiblex 37309: performed his first genocide (class L) 37310: genocided class h 37453: wished for "blessed ring of conflict", got "a ring" 37678: killed Baalzebub 37897: killed Asmodeus 38621: killed Orcus 38713: genocided green slimes 38720: genocided class R 39568: destroyed Vlad the Impaler 39570: acquired the Candelabrum of Invocation 41300: wished for "blessed greased fixed +2 helm of brilliance", got "a greased crystal helmet" 49179: killed the Wizard of Yendor 49180: acquired the Book of the Dead 49562: performed the invocation 49565: quit Vanquished creatures: Asmodeus Baalzebub Orcus Juiblex the Wizard of Yendor Vlad the Impaler 3 mastodons Medusa Croesus 7 krakens 3 iron golems 10 storm giants 4 glass golems the Minion of Huhetotl 7 purple worms 3 gray dragons 2 gold dragons 2 silver dragons 6 red dragons a white dragon 3 orange dragons 4 black dragons 9 blue dragons 3 green dragons 26 minotaurs 4 jabberwocks 8 baluchitheria a demilich 14 stone golems 2 master mind flayers 16 Olog-hai 5 Nazgul 5 pit fiends 2 sandestins a hell hound 5 displacer beasts 9 titanotheres 4 trappers 6 genetic engineers 2 disenchanters 25 vampire leaders 5 skeletons 5 captains 6 shades 5 liches 2 clay golems 9 nurses 11 ice devils 3 nalfeshnees 6 lurkers above a frost giant 4 ettins 24 black puddings 22 vampires 12 lieutenants 37 ghosts 6 queen bees 7 winged gargoyles a mind flayer 7 giant mimics 8 long worms 6 zruties 10 ogre tyrants 3 ice trolls 5 rock trolls 8 umber hulks 3 flesh golems 6 elven monarchs 2 doppelgangers 7 hezrous 18 bone devils 11 large mimics a fire vortex 12 stalkers 3 air elementals 4 fire elementals 5 earth elementals 2 water elementals 7 hill giants 8 giant mummies a black naga 11 xorns 19 giant zombies 25 elf-nobles 19 sergeants 3 barbed devils 30 vrocks 5 salamanders 12 wargs 2 winter wolves 2 hell hound pups 10 small mimics 9 warhorses 5 steam vortices 9 xans 7 ettin mummies 8 ogre leaders 6 quantum mechanics 23 trolls a sasquatch 2 wood golems an erinys 10 mariliths a djinni 4 sharks 6 electric eels 8 gelatinous cubes 4 pyrolisks 7 large dogs 5 freezing spheres 10 flaming spheres 7 shocking spheres 4 large cats 10 tigers 11 gargoyles a tengu 10 ochre jellies 8 leocrottas 4 energy vortices 6 mountain centaurs 5 stone giants 7 elf mummies 30 human mummies 3 red nagas 22 pythons 18 pit vipers 26 cobras 36 wraiths 3 carnivorous apes 18 ettin zombies 3 leather golems 12 Grey-elves 120 soldiers 2 watchmen 7 amorous demons 5 horned devils 14 chameleons a crocodile 8 giant beetles 3 quivering blobs 15 cockatrices 10 wolves 3 winter wolf cubs 4 lynxes 4 panthers 14 gremlins 5 spotted jellies 3 leprechauns 3 orc-captains 6 iron piercers a mumak 30 giant spiders 6 scorpions 8 horses 2 ice vortices 3 black lights 8 vampire bats 6 forest centaurs 6 gnome rulers 6 orc mummies 7 dwarf mummies 15 ogres 2 brown puddings 10 rust monsters 9 owlbears 4 yetis a gold golem 4 werewolves 19 Green-elves 2 piranha 17 giant eels 10 lizards a chickatrice 3 dingoes a dog a housecat 5 jaguars 2 dwarf leaders 4 gray unicorns 4 black unicorns 5 dust vortices 6 ravens 11 plains centaurs 3 gnome mummies 38 snakes 31 apes 15 human zombies 3 rope golems 3 Woodland-elves 17 soldier ants 3 fire ants 15 bugbears 2 imps a lemure 7 quasits 4 wood nymphs 4 water nymphs 2 mountain nymphs 29 Mordor orcs 8 Uruk-hai 3 orc shamans 9 rock piercers 3 rock moles a fog cloud 8 yellow lights 5 shriekers 4 violet fungi 24 gnome leaders 11 gnomish wizards 6 kobold mummies a black naga hatchling a gray ooze 2 barrow wights 11 elf zombies 9 ghouls 5 jellyfish 5 giant ants a little dog 2 floating eyes 15 dwarves 2 homunculi a kobold leader a kobold shaman 38 hill orcs 17 rothes 3 rabid rats 4 centipedes 2 giant bats 4 monkeys 9 orc zombies 7 dwarf zombies 3 werejackals 7 iguanas 67 killer bees 2 acid blobs 3 gas spores 7 hobbits 13 manes 2 large kobolds 9 hobgoblins 8 giant rats 8 cave spiders 2 brown molds 3 yellow molds 62 gnomes 98 garter snakes 16 gnome zombies 12 geckos 8 jackals 2 foxes 5 kobolds 10 goblins a sewer rat 5 grid bugs a bat 5 lichens 12 kobold zombies 21 newts 2259 creatures vanquished. Genocided or extinct species: arch-liches master liches demiliches master mind flayers disenchanters liches mind flayers erinyes (extinct) dwarf rulers green slimes soldiers (extinct) rust monsters dwarf leaders bugbears dwarves hobbits 14 species genocided. 2 species extinct. Voluntary challenges: You read items or engraved 140 times. You never engraved Elbereth. You genocided 14 types of monsters. You used 8 wishes (1 for an artifact). You did not violate any of the special Sokoban rules. Achievements: You entered a shop. You attained the rank of Field Worker. You entered the Gnomish Mines. You attained the rank of Investigator. You entered Minetown. You entered a temple. You completed the Gnomish Mines. You entered Sokoban. You attained the rank of Exhumer. You defeated Medusa. You attained the rank of Excavator. You entered Gehennom. You had the Bell of Opening. You attained the rank of Spelunker. You had the Candelabrum of Invocation. You had the Book of the Dead. You gained access to Moloch's Sanctum. The Dungeons of Doom: levels 1 to 29 Level 1: Level 2: A health food store, an altar, a grave. Level 3: A sink. Stairs down to The Gnomish Mines. Level 4: Level 5: Level 6: A fountain. Level 7: Level 8: Some fountains. Level 9: Some fountains. Oracle of Delphi. Level 10: Stairs up to Sokoban, level 9. Level 11: Level 12: Level 13: Level 14: A general store, a sink. Level 15: A sink, many graves. Level 16: A fountain, a grave. Portal to The Quest. Level 17: A primitive area. Level 18: An armor shop. Level 19: Level 20: Level 21: Some graves. Level 22: A temple and an altar. Portal to Fort Ludios. Level 23: Level 24: An altar. Level 25: Level 26: Level 27: Level 28: Level 29: A throne, a fountain. The castle. Connection to Gehennom. Gehennom: levels 30 to 52 Level 30: A temple and an altar, many graves. Valley of the Dead. Level 31: Level 32: Level 33: A fountain. Level 34: Level 35: Level 36: Level 37: Level 38: Level 39: Some shops, an altar, some graves. Level 40: Stairs up to Vlad's Tower, level 39. Level 41: Level 42: Level 43: Level 44: Level 45: Level 46: Level 47: Level 48: Level 49: Level 50: Level 51: Gateway to Moloch's Sanctum. Level 52: <- You were here. The Gnomish Mines: levels 4 to 11 Level 4: Level 5: Level 6: Level 7: Many shops, a temple and an altar, a grave. Final resting place for xororand-Pri-Hum-Mal-Neu, killed by a wand. Level 8: Level 9: Level 10: Level 11: The Quest: levels 1 to 6 Level 1: A throne. Completed quest for Lord Carnarvon. Level 2: Level 3: Many temples and many altars. Level 4: Level 5: Level 6: A temple and an altar. Sokoban: Level 9: Unsolved. Fort Ludios: Level 1: A throne. Fort Ludios. Vlad's Tower: levels 39 up to 37 Level 37: Level 38: Level 39: Goodbye proxxiSWE the Archeologist... You quit in Gehennom on dungeon level 52 with 1463326 points, and 0 pieces of gold, after 49565 moves. You were level 19 with a maximum of 272 hit points when you quit.